 Dungeon Crawl Stone Soup version 0.27-a0-1334-g2746e35aca (webtiles) character file.

Game seed: 8326610759649738202

42 Sabo the Chopper (level 3, -3/29 HPs)
             Began as a Human Monk on June 26, 2021.
             Was a Priest of Cheibriados.
             Slain by a gnoll (5 damage)
             ... on level 2 of the Dungeon.
             The game lasted 00:06:06 (1769 turns).

Sabo the Chopper (Human Monk)                       Turns: 1769, Time: 00:06:07

Health: -3/29      AC:  5    Str: 18    XL:     3   Next: 77%
Magic:  3/3        EV: 12    Int: 16    God:    Cheibriados [***...]
Gold:   61         SH:  0    Dex: 21    Spells: 2/2 levels left

rFire    . . .     SeeInvis .   a - +0 hand axe
rCold    . . .     Faith    .   (no shield)
rNeg     . . .     Spirit   .   b - +0 ring mail
rPois    .         Reflect  .   (no helmet)
rElec    .         Harm     .   (no cloak)
rCorr    .         Rampage  .   (no gloves)
Will     .....                  (no boots)
Stlth    ++........             (no amulet)
HPRegen  0.09/turn              (no ring)
MPRegen  0.08/turn              (no ring)

@: very slow
A: no striking features
a: Renounce Religion, Bend Time, Temporal Distortion


You were on level 2 of the Dungeon.
You worshipped Cheibriados.
Cheibriados was most pleased with you.
You visited 1 branch of the dungeon, and saw 2 of its levels.

You collected 61 gold pieces.

Inventory:

Hand Weapons
 a - a +0 hand axe (weapon)
Missiles
 d - 7 poisoned darts (quivered)
Armour
 b - a +0 ring mail (worn)
Potions
 c - a potion of attraction {unknown}


   Skills:
 + Level 3.5 Fighting
 + Level 3.6 Axes
 + Level 0.1 Armour
 + Level 3.2 Dodging
 + Level 2.3 Stealth


You had 2 spell levels left.
You didn't know any spells.
Your spell library was empty.

Dungeon Overview and Level Annotations

Branches:
Dungeon (2/15)

Altars:
Cheibriados


Message History

You hit the gnoll.
The gnoll is heavily wounded.
The gnoll hits you with a +0 club.
You closely miss the gnoll.
The gnoll is heavily wounded.
The gnoll closely misses you.
You closely miss the gnoll.
The gnoll is heavily wounded.
The gnoll shouts!
You hit the gnoll. The gnoll barely misses you.
The gnoll hits you with a +0 whip.
You barely miss the gnoll.
The gnoll is heavily wounded.
You hit the gnoll. The gnoll hits you with a +0 club.
The gnoll hits you with a +0 whip. The gnoll hits you but does no damage.
You hit the gnoll but do no damage.
The gnoll is heavily wounded.
You barely miss the gnoll. The gnoll barely misses you.
The gnoll hits you but does no damage.
You closely miss the gnoll.
The gnoll is heavily wounded.
You hit the gnoll. The gnoll barely misses you.
The gnoll hits you with a +0 club. The gnoll misses you.
You hit the gnoll.
The gnoll is almost dead.
You barely miss the gnoll. The gnoll misses you. The gnoll closely misses you.
You hit the gnoll.
You kill the gnoll!
Cheibriados appreciates the change of pace.
You barely miss the gnoll. The gnoll hits you with a +0 whip.
* * * LOW HITPOINT WARNING * * *
You hit the gnoll.
The gnoll is moderately wounded.
You hit the gnoll.
You kill the gnoll!
Cheibriados thoroughly appreciates the change of pace.
The gnoll hits you with a +0 whip.
* * * LOW HITPOINT WARNING * * *
The gnoll misses you. The gnoll hits you with a +0 whip.
You die...

#### #. ..# ..
#.# . .. #<#.#
....###.#.##...
..g..........♣
#....###.#.♣♣.♣
#....###)#...
#....gg@.# P?..
##.#######
♣♣.P. ♣.. ♣♣


You could see 2 gnolls.

Vanquished Creatures
  2 gnolls (D:2)
  A dart slug (D:1)
  3 bats (D:1)
  3 endoplasms (D:1)
  3 giant cockroaches (D:1)
  2 goblins (D:1)
  5 hobgoblins (D:1)
  3 jackals (D:1)
  A quokka (D:1)
  2 ball pythons (D:1)
  A rat (D:1)
26 creatures vanquished.

Vanquished Creatures (others)
  3 plants (D:1)
3 creatures vanquished.

Grand Total: 29 creatures vanquished

Notes
Turn   | Place    | Note
-------+----------+-------------------------------------------
     0 | D:1      | Sabo the Human Monk began the quest for the Orb.
     0 | D:1      | Reached XP level 1. HP: 18/18 MP: 1/1
   208 | D:1      | Reached XP level 2. HP: 16/24 MP: 2/2
  1134 | D:1      | Reached XP level 3. HP: 27/29 MP: 3/3
  1340 | D:1      | Found a faded altar of an unknown god.
  1355 | D:1      | Became a worshipper of Cheibriados the Contemplative
  1355 | D:1      | Reached * piety under Cheibriados
  1355 | D:1      | Reached ** piety under Cheibriados
  1523 | D:1      | Reached *** piety under Cheibriados
  1769 | D:2      | Slain by a gnoll

Illustrated notes

Levels and vault maps discovered:
D:1:      evilmike_arrival_crescent, layout_loops_cross,
          shapermc_ecumenical_altar_mp_ritualfount
D:2:      layout_loops_corners, serial_forest, infiniplex_forest_join,
          infiniplex_forest_lined_2, infiniplex_forest_corner_1,
          infiniplex_forest_split, infiniplex_forest_straight_1,
          infiniplex_forest_clump_medium, infiniplex_forest_clump_tiny,
          minmay_joined_circles

Action                   || total
-------------------------++-------
Melee: Hand axe          ||    84
 Stab: Sleeping          ||     3
Armor: Robe              ||    17
       Ring mail         ||    11
Dodge: Dodged            ||    78

Table legend: (Time is in decaauts)
 A = Elapsed time spent in this place.
 B = Non-inter-level travel time spent in this place.
 C = Inter-level travel time spent in this place.
 D = Time resting spent in this place.
 E = Time spent auto-exploring this place.
 F = Levels seen in this place.
 G = Mean time per level.
                   A        B        C        D        E       F      G
               +--------+--------+--------+--------+--------+-----+--------+
         Total |   1958 |   1958 |      0 |    857 |      0 |   2 |  979.0 |
       Dungeon |   1958 |   1958 |      0 |    857 |      0 |   2 |  979.0 |
               +--------+--------+--------+--------+--------+-----+--------+

Top non-repeatable levels by time:
     D:1: 1938 daAuts
     D:2: 19 daAuts
